 Dungeon Crawl Stone Soup version 0.24-a0-201-gf205589 (webtiles) character file.

Game seed: 11254155102889628454

9175 Ijustatesigmund the Unseen (level 11, -9/75 HPs)
             Began as an Octopode Fighter on Mar 22, 2019.
             Was an Initiate of Gozag.
             Mangled by a komodo dragon (33 damage)
             ... on level 10 of the Dungeon.
             The game lasted 00:25:51 (10029 turns).

Ijustatesigmund the Unseen (Octopode Fighter)      Turns: 10029, Time: 00:25:52

Health: -9/75      AC:  1    Str: 22    XL:     11   Next: 42%
Magic:  11/11      EV: 16    Int: 10    God:    Gozag
Gold:   214        SH:  0    Dex: 14    Spells: 10/10 levels left

rFire    + . .     SeeInvis .   p - +2 flail (pain)
rCold    + . .     Gourm    .   b - +5 shield
rNeg     + . .     Faith    .   (helmet restricted)
rPois    .         Spirit   .   H - +6 amulet of reflection
rElec    .         Reflect  +   h - ring of resist corrosion
rCorr    +         Harm     .   g - ring of positive energy
MR       .....                  D - ring of protection from fire
Stlth    ++++......             s - ring of protection from cold
HPRegen  0.22/turn              I - +2 ring of slaying
MPRegen  0.12/turn              J - +2 ring of evasion
                                (no ring)
                                (no ring)

@: confused, mighty
A: almost no armour, stealthy swim, amphibious, 8 rings, constrict 8, camouflage
1, gelatinous body 1
a: Potion Petition, Call Merchant, Bribe Branch, Renounce Religion


You were on level 10 of the Dungeon.
You worshipped Gozag.
Gozag was aware of your devotion.
You were not hungry.

You visited 2 branches of the dungeon, and saw 11 of its levels.

You collected 1561 gold pieces.
You spent 1253 gold pieces at shops.
You paid 94 gold pieces to Gozag.

Inventory:

Hand Weapons
 a - a +1 flail
 c - the +2 hand crossbow of Cijaempa {velocity, rElec}
   (You found it on level 9 of the Dungeon)

   Any bolt fired from it inflicts extra damage.
   It insulates you from electricity.
 p - a +2 flail of pain (weapon)
 q - a +0 morningstar
Missiles
 t - 3 throwing nets (quivered)
Armour
 b - a +5 shield (worn)
Jewellery
 g - a ring of positive energy (right tentacle)
 h - a ring of resist corrosion (left tentacle)
 n - an uncursed amulet of regeneration
 s - a ring of protection from cold (on tentacle)
 D - a ring of protection from fire (on tentacle)
 G - an uncursed amulet of the acrobat
 H - a +6 amulet of reflection (around mantle)
 I - a +2 ring of slaying (on tentacle)
 J - a +2 ring of evasion (on tentacle)
Wands
 j - a wand of digging (7)
 u - a wand of clouds (9)
 w - a wand of random effects (3)
 B - a wand of polymorph (7)
 F - a wand of flame (9)
Scrolls
 l - 3 scrolls of amnesia
 o - 2 scrolls of identify
 r - a scroll of blinking
 x - a scroll of enchant weapon
 y - 2 scrolls of fear
 A - a scroll of magic mapping
Potions
 e - 3 potions of resistance
 f - 4 potions of curing
 i - 3 potions of brilliance
 k - 2 potions of lignification
 m - 2 potions of magic
 v - a potion of ambrosia
 z - 2 potions of haste
 E - a potion of agility
Comestibles
 d - 17 rations


   Skills:
 + Level 7.2 Fighting
 * Level 9.4 Maces & Flails
 - Level 5.2 Dodging
 - Level 15.9 Stealth
 - Level 5.2 Shields


You had 10 spell levels left.
You didn't know any spells.
Your spell library contained the following spells:

 Spells                   Type           Power        Failure   Level  Hunger
 Sting                    Conj/Pois      #...         80%         1    ##.....
 Poisonous Vapours        Pois/Air       #.....       90%         2    ###....
 Mephitic Cloud           Conj/Pois/Air  #.......     99%         3    ####...
 Olgreb's Toxic Radiance  Pois           #.......     100%        4    #####..
 Venom Bolt               Conj/Pois      #.........   100%        5    ######.


Dungeon Overview and Level Annotations

Branches:
Dungeon (10/15)            Temple (1/1) D:7
   Lair: D:8-11         Orc: D:9-12

Altars:
Ashenzari
Cheibriados
Dithmenos
Elyvilon
Fedhas
Gozag
Hepliaklqana
Kikubaaqudgha
Makhleb
Nemelex Xobeh
Okawaru
Qazlal
Ru
Sif Muna
Trog
Uskayaw
Vehumet
Wu Jian
Xom
Yredelemnul
Zin
The Shining One

Shops:
D:10 =

Annotations:
D:5 2 transporters, p0werm0de's ghost, weakling SpCK


Innate Abilities, Weirdness & Mutations

You cannot wear most types of armour.
You are very stealthy in the water. (Stealth+)
You are amphibious.
You can wear up to eight rings at the same time.
You can use your tentacles to constrict eight enemies at once.
Your skin changes colour to match your surroundings (Stealth+).
Your rubbery body absorbs attacks. (AC +1, EV +1)


Message History

You sock the komodo dragon!
The komodo dragon is moderately wounded.
The komodo dragon bites you!!
You hit the komodo dragon but do no damage.
The komodo dragon is moderately wounded.
You block the komodo dragon's attack.
You hit the komodo dragon.
The komodo dragon is moderately wounded.
The komodo dragon bites you!!
* * * LOW HITPOINT WARNING * * *
You are too injured to fight recklessly!
You are too injured to fight recklessly!
You are too injured to fight recklessly!
You are too injured to fight recklessly!
You feel very mighty all of a sudden. You block the komodo dragon's attack.
You are confused.
You feel invigorated. The komodo dragon bites you!!
You die...
Your body crumbles into a pile of gold.

# #≈≈≈##....##
#.##≈≈≈#.....#######
#..≈≈≈≈≈.≈.........# ##
#..≈≈≈≈≈P≈...#.##### ###.
#..P≈P≈≈≈≈.≈.......####.'.
##...≈≈≈≈≈≈≈P.P....##(..#.
#...≈≈≈≈≈≈P≈P..≈.....##..
#.#...≈≈≈l≈≈≈≈P≈≈≈≈......
#..##.≈PP@P≈≈≈≈≈≈≈≈≈≈≈≈)..
#.# #...≈≈≈≈≈≈≈≈≈≈≈≈≈≈≈..≈
#. ##...≈..≈≈≈≈≈≈≈≈≈≈≈≈≈≈
#.# #.#..≈P≈P≈P≈≈≈≈≈≈≈≈≈≈
###.####)##....≈..≈≈≈≈≈..≈≈.
#......).###.........≈......
#.......####.#####......###.
#.......###..#####.###### #.
#..................#########


You could see a komodo dragon.

Vanquished Creatures
  Pikel (D:5)
  A cyclops (D:8)
  A centaur zombie (D:10)
  A gargoyle (D:10)
  A komodo dragon (D:9)
  A troll (D:10)
  The ghost of emperorscorpion the Chopper, an amateur MiBe of Trog (D:8)
  2 hornets (D:8)
  Grinder (D:3)
  2 wyverns
  5 yaks (D:10)
  A steam dragon (D:9)
  A hungry ghost (D:10)
  A soldier ant (D:8)
  8 orc warriors
  A water moccasin (D:8)
  A hornet zombie (D:10)
  2 ice beasts
  3 sky beasts
  An eye of draining (D:10)
  2 slaves (D:5)
  A black bear (D:8)
  3 phantoms
  4 ogres
  A necrophage (D:8)
  7 centaurs
  A crocodile (D:8)
  Blork the orc (D:4)
  A bullfrog (D:9)
  A gnoll sergeant (D:5)
  4 scorpions
  A water moccasin skeleton (D:9)
  3 killer bees (D:9)
  A water moccasin zombie (D:9)
  5 electric eels (D:10)
  4 crimson imps
  2 bullfrog zombies
  2 bullfrog skeletons
  2 hounds
  Crazy Yiuf (D:5)
  8 orc priests
  9 orc wizards
  4 iguanas
  8 worker ants
  A worker ant zombie (D:5)
  8 gnolls
  7 adders
  A shadow imp (D:8)
  An ooze (D:2)
  2 adder zombies
  2 adder skeletons
  3 worms
  3 dart slugs
  3 leopard geckos
  42 orcs
  2 giant cockroaches
  10 hobgoblins
  17 jackals
  3 quokkas
  2 ball pythons
  5 bats
  4 frilled lizards
  7 goblins
  10 kobolds
  2 leopard gecko skeletons (D:5)
  5 rats
  A spectral orc (D:9)
253 creatures vanquished.

Vanquished Creatures (others)
  4 plants (D:10)
4 creatures vanquished.

Grand Total: 257 creatures vanquished

Notes
Turn   | Place    | Note
-------+----------+-------------------------------------------
     0 | D:1      | Ijustatesigmund the Octopode Fighter began the quest for
                  | the Orb.
     0 | D:1      | Reached XP level 1. HP: 16/16 MP: 1/1
   172 | D:1      | Reached XP level 2. HP: 21/21 MP: 2/2
   684 | D:1      | Reached XP level 3. HP: 22/26 MP: 3/3
  1084 | D:2      | Reached XP level 4. HP: 31/31 MP: 4/4
  1452 | D:2      | Reached XP level 5. HP: 30/36 MP: 5/5
  1588 | D:2      | Found a sparkling altar of Nemelex Xobeh.
  1887 | D:3      | Noticed Grinder
  1897 | D:3      | Killed Grinder
  1897 | D:3      | Reached XP level 6. HP: 34/43 MP: 6/6
  1977 | D:3      | Found a hazy altar of Hepliaklqana.
  2597 | D:4      | Reached XP level 7. HP: 48/48 MP: 7/7
  2659 | D:4      | Reached skill level 5 in Maces & Flails
  2663 | D:4      | Found a shattered altar of Ashenzari.
  2731 | D:4      | Noticed Blork the orc
  2739 | D:4      | Killed Blork the orc
  2798 | D:4      | Found a hide-covered altar of Uskayaw.
  2881 | D:4      | Found a radiant altar of Vehumet.
  2918 | D:4      | You fall through a shaft for 3 floors!
  2943 | D:7      | Reached XP level 8. HP: 52/54 MP: 8/8
  2974 | D:6      | You fall through a shaft!
  2995 | D:7      | Reached skill level 5 in Fighting
  2995 | D:7      | Reached skill level 5 in Dodging
  2995 | D:7      | Reached skill level 5 in Shields
  3197 | D:5      | Entered Level 5 of the Dungeon
  3568 | D:5      | Reached skill level 1 in Stealth
  3574 | D:5      | Reached skill level 2 in Stealth
  3681 | D:5      | Noticed p0werm0de's ghost (weakling SpCK)
  3682 | D:5      | Found a transporter.
  3683 | D:5      | Found a transporter.
  3760 | D:5      | Reached skill level 3 in Stealth
  3786 | D:5      | Reached skill level 4 in Stealth
  3789 | D:5      | Noticed Pikel
  3805 | D:5      | Killed Pikel
  3805 | D:5      | Reached skill level 8 in Stealth
  3805 | D:5      | Reached XP level 9. HP: 16/61 MP: 9/9
  4046 | D:5      | Found an ornate altar of the Wu Jian Council.
  4111 | D:5      | Reached skill level 9 in Stealth
  4599 | D:5      | Found a runed translucent door.
  4600 | D:5      | Noticed Crazy Yiuf
  4607 | D:5      | Killed Crazy Yiuf
  4710 | D:6      | Found a white marble altar of Elyvilon.
  5034 | D:6      | Reached skill level 10 in Stealth
  5593 | D:7      | Reached skill level 11 in Stealth
  5809 | D:7      | Found a staircase to the Ecumenical Temple.
  5913 | Temple   | Entered the Ecumenical Temple
  6005 | Temple   | Became a worshipper of Gozag Ym Sagoz the Greedy
  6277 | D:8      | Reached skill level 12 in Stealth
  6473 | D:8      | Noticed a hornet
  6476 | D:8      | Killed a hornet
  6479 | D:8      | Noticed a hornet
  6482 | D:8      | Paralysed by a hornet for 1 turns
  6491 | D:8      | Reached skill level 13 in Stealth
  6498 | D:8      | HP: 3/61 [poisoned by a soldier ant]
  6499 | D:8      | HP: 1/61 [poisoned by a soldier ant]
  6747 | D:8      | Reached XP level 10. HP: 58/66 MP: 10/10
  6950 | D:8      | Reached skill level 14 in Stealth
  7033 | D:8      | Noticed a cyclops
  7055 | D:8      | Killed a cyclops
  7358 | D:8      | Found a runed translucent gate.
  7359 | D:8      | Found a runed translucent gate.
  7359 | D:8      | Found an opulent altar of Gozag.
  7360 | D:8      | Found a runed translucent gate.
  7362 | D:8      | Noticed emperorscorpion's ghost (amateur MiBe)
  7399 | D:8      | Killed emperorscorpion's ghost
  7399 | D:8      | Reached skill level 15 in Stealth
  7992 | D:9      | Got a scorched hand crossbow
  7993 | D:9      | Identified the cursed +2 hand crossbow of Cijaempa
                  | {velocity, rElec} (You found it on level 9 of the Dungeon)
  8692 | D:9      | Found a basalt altar of Yredelemnul.
  8720 | D:10     | Entered Level 10 of the Dungeon
  8753 | D:10     | Reached XP level 11. HP: 72/72 MP: 11/11
  9769 | D:10     | Found Fyxou's Jewellery Emporium.
  9787 | D:10     | Bought a +6 amulet of reflection for 819 gold pieces
  9787 | D:10     | Bought a +2 ring of slaying for 294 gold pieces
  9787 | D:10     | Bought a +2 ring of evasion for 140 gold pieces
 10029 | D:10     | Mangled by a komodo dragon

Levels and vault maps discovered:
D:1:      eino_arrival_water_star, layout_loops_ring, minmay_tetromino_s2
D:2:      layout_rooms, nemelex_xobeh_ov_fountains_minmay
D:3:      layout_loops_ring, overflow_temple_1_default, first_ration,
          minmay_curled_crystal, uniq_grinder
D:4:      layout_loops_cross, chequers_temple_overflow_statue_of_worship,
          marbit_many_paths, uniq_blork_the_orc
D:5:      layout_loops_corners, old_standard_altar, gammafunk_ghost_smash,
          uniq_pikel, uniq_crazy_yiuf_cottage
D:6:      layout_basic, elyvilon_altar_4
D:7:      layout_basic, minmay_temple_entry_poolview, nicolae_lava_and_water
D:8:      layout_rooms, ebering_ghost_gozag, hangedman_pestilent_swarm
D:9:      layout_roguey, yredelemnul_forgotten_temple_becter,
          minmay_misc_feat_room, kb_lookout_dungeons_type
D:10:     layout_roguey, erik_orc_2, minmay_shop_enchanted_jewellery,
          chequers_big_river
Temple:   nicolae_temple_great_sept

Skill      XL: |  1  2  3  4  5  6  7  8  9 10 11 |
---------------+----------------------------------+-----
Maces & Flails | 3 4 5 6 7 9 |  9.4
Fighting       | 4 5 6 7 |  7.2
Dodging        | 4 5 |  5.2
Shields        | 4 5 |  5.2
Stealth        | 8 13 15 | 15.9

Action                   |  1- 3 |  4- 6 |  7- 9 | 10-12 || total
-------------------------+-------+-------+-------+-------++-------
Melee: Flail             |    41 |    95 |   286 |   343 ||   765
       Constrict         |    10 |    30 |    62 |    40 ||   142
       Tentacles         |     9 |    16 |    74 |    84 ||   183
Invok: Potion Petition   |       |       |       |     1 ||     1
Evoke: Wand              |       |       |     2 |    23 ||    25
  Use: Scroll            |     7 |    11 |     4 |    11 ||    33
       Potion            |       |     1 |     3 |     4 ||     8
 Stab: Sleeping          |     9 |     5 |    18 |    12 ||    44
       Distracted        |       |       |       |     2 ||     2
  Eat: Chunk             |       |     4 |    11 |       ||    15
       Ration            |       |       |     1 |     5 ||     6
Armor: Skin              |     3 |     6 |     7 |     4 ||    20
Dodge: Dodged            |    10 |    44 |   102 |    97 ||   253
Block: Shield            |    19 |    53 |   187 |   232 ||   491

Table legend:
 A = Non-vault XP
 B = Vault XP
 C = Vault XP percentage of total XP
 D = Non-vault monster count
 E = Vault monster count
 F = Vault count percentage of total count
                 A         B        C        D         E       F
            +---------+---------+-------+---------+---------+-------
      Total |   10142 |    2966 |  22.6 |     221 |      30 |  12.0
            +---------+---------+-------+---------+---------+-------
        D:1 |      62 |       2 |   3.1 |      24 |       1 |   4.0
        D:2 |     144 |       0 |   0.0 |      31 |       0 |   0.0
        D:3 |      89 |     281 |  75.9 |      15 |       1 |   6.2
        D:4 |     397 |     208 |  34.4 |      18 |       2 |  10.0
        D:5 |     727 |     682 |  48.4 |      20 |       2 |   9.1
        D:6 |     318 |       0 |   0.0 |       8 |       0 |   0.0
        D:7 |     591 |       0 |   0.0 |      20 |       0 |   0.0
        D:8 |    1785 |    1220 |  40.6 |      30 |       7 |  18.9
        D:9 |    2405 |     111 |   4.4 |      30 |       2 |   6.2
       D:10 |    3624 |     462 |  11.3 |      25 |      15 |  37.5
            +---------+---------+-------+---------+---------+-------
